 Dungeon Crawl Stone Soup version 0.14-a0-2964-g8dc6adb (webtiles) character file.

273 Kae the Sneak (level 5, -6/24 HPs)
             Began as a Spriggan Enchanter on Mar 5, 2014.
             Mangled by a gnoll
             ... wielding a +4,+2 spear of dragon slaying
              (10 damage)
             ... on Level 4 of the Dungeon.
             The game lasted 00:04:28 (3255 turns).

Kae the Sneak (Spriggan Enchanter)                  Turns: 3255, Time: 00:04:28

HP  -6/24        AC  3     Str  5      XL: 5   Next: 35%
MP   9/17        EV 18     Int 17      God:
Gold 90          SH  0     Dex 16      Spells:  2 memorised,  8 levels left

rFire  . . .     SeeInvis +     b - +1 dagger
rCold  . . .     Clarity  .     A - +1 robe
rNeg   . . .     Conserve .     (shield restricted)
rPois  .         rCorr    .     (helmet restricted)
rElec  .         rRot     .     (no cloak)
SustAb . .       Spirit   .     (gloves unavailable)
rMut   .         Warding  .     (boots unavailable)
Saprov . . .     Stasis   .     (no amulet)
MR     .....                    (no ring)
                                (no ring)

@: very quick, not resistant to hostile enchantments, quite stealthy
A: unfitting armour, see invisible, herbivore 3, speed 3, slow metabolism 2
a: no special abilities


You were on level 4 of the Dungeon.
You were starving.

You visited 1 branch of the dungeon, and saw 4 of its levels.

You collected 90 gold pieces.

Inventory:

Hand weapons
 a - a +1,+1 dagger
 b - a +1,+1 dagger (weapon)
Missiles
 d - 12 darts (quivered)
Armour
 A - a +1 robe (worn)
Magical devices
 v - a wand of magic darts (9) {unknown}
 z - a wand of fireball (6) {unknown}
Comestibles
 h - a pear
 m - a lemon
 p - a bread ration
Scrolls
 g - 4 scrolls of teleportation {unknown}
 i - a scroll of recharging {unknown}
 l - a scroll of blinking {unknown}
 o - 2 scrolls of identify {unknown}
 q - 2 scrolls of immolation {unknown}
 r - a scroll of noise {unknown}
 s - a scroll of remove curse {unknown}
Jewellery
 j - an uncursed ring of protection from fire {unknown}
 x - an uncursed ring of flight {unknown}
 y - an uncursed amulet of stasis {unknown}
Potions
 e - a potion of porridge
 f - 3 potions of heal wounds
 k - a potion of curing {unknown}
 n - a potion of paralysis {unknown}
 t - a potion of cure mutation {unknown}
 u - a potion of poison {unknown}
 w - a potion of restore abilities {unknown}
 B - a potion of magic {unknown}
Books
 c - a book of Maledictions

   Spells                             Type                      Level
   *Corona                            Hexes                        1
   Sure Blade                         Hexes/Charms                 2
   *Ensorcelled Hibernation           Hexes/Ice                    2
   Confuse                            Hexes                        3
   Enslavement                        Hexes                        4
   Invisibility                       Hexes                        6


   Skills:
 * Level 3.5 Short Blades
 - Level 1.1 Throwing
 - Level 3.0 Dodging
 * Level 5.2 Stealth
 + Level 3.8 Spellcasting
 + Level 4.4 Hexes


You had 8 spell levels left.
You knew the following spells:

 Your Spells              Type           Power        Failure   Level  Hunger
a - Corona                Hex            ###....      2%          1    None
b - Ensorcelled Hibernat  Hex/Ice        ##....       12%         2    ##.....


Dungeon Overview and Level Annotations

Branches:
Dungeon (4/16)
 Temple: D:4-7

Altars:
Xom


Innate Abilities, Weirdness & Mutations

You are tiny and cannot use many weapons and most armour.
You have supernaturally acute eyesight.
You are a herbivore.
You cover ground extremely quickly.
You need consume almost no food.


Message History

The helpless gnoll fails to defend itself.
You slice the gnoll!!
You kill the gnoll!
The gnoll misses you.
The gnoll sergeant hits you from afar with a spear of venom.
* * * LOW HITPOINT WARNING * * *
Casting: Ensorcelled Hibernation
Confirm with . or Enter, or press ? or * to list all spells.
Aiming: Ensorcelled Hibernation
Press: ? - help, Shift-Dir - straight line, f - gnoll
Aim: a gnoll The gnoll looks drowsy...
You are starving!
The gnoll closely misses you.
The gnoll sergeant completely misses you.
The helpless gnoll fails to defend itself.
You slice the gnoll!!
You kill the gnoll!
The gnoll hits you from afar with a glowing spear!
You die...

#...).....#......#
.#.........#......#####..
...........%.............
.#.........#......######.
...........#.............
..............(..........
.####........<..gg.......
# #.#.#####.##<##.####.
#.#.# #.##@# ... #.#.#
#....#..... #.#.#
#....#.... #.# #.........
. #.....#.## ##.....# #
.#.####......#
.............# #
........<....#.#


You could see a gnoll sergeant and a gnoll.

Vanquished Creatures
  An orc priest (D:3)
  5 gnolls
  2 adders (D:3)
  An inept feature mimic (D:2)
  A worm (D:2)
  A giant gecko (D:2)
  12 orcs (D:3)
  7 bats
  3 giant cockroaches
  6 goblins
  4 hobgoblins
  4 jackals
  7 kobolds
  2 quokkas
  A ball python (D:1)
  2 giant newts
  3 rats
62 creatures vanquished.

Vanquished Creatures (others)
  A goblin (D:1)
1 creature vanquished.

Grand Total: 63 creatures vanquished

Notes
Turn   | Place    | Note
--------------------------------------------------------------
     0 | D:1      | Kae, the Spriggan Enchanter, began the quest for the Orb.
     0 | D:1      | Reached XP level 1. HP: 9/9 MP: 4/4
   389 | D:1      | Reached XP level 2. HP: 10/13 MP: 7/7
   393 | D:1      | Learned a level 2 spell: Ensorcelled Hibernation
  1290 | D:2      | Reached skill level 4 in Hexes
  1317 | D:2      | Reached XP level 3. HP: 16/16 MP: 2/10
  1813 | D:2      | Found a shimmering altar of Xom.
  2218 | D:3      | Reached XP level 4. HP: 18/21 MP: 5/13
  2970 | D:4      | Reached skill level 5 in Stealth
  2970 | D:4      | Reached XP level 5. HP: 24/24 MP: 16/16
  3028 | D:3      | HP: 1/24 [poisoned by a gnoll sergeant]
  3255 | D:4      | Mangled by a gnoll

Action                   |  1- 3 |  4- 6 || total
-------------------------+-------+-------++-------
Melee: Dagger            |   150 |    88 ||   238
Throw: Dart              |     5 |       ||     5
 Cast: Corona            |     7 |       ||     7
       Ensorcelled Hiber |    13 |    27 ||    40
  Use: Potion            |       |     1 ||     1
 Stab: Sleeping          |    19 |    19 ||    38
